[Event "January 2 Early 2024"]
[Site "https://www.chess.com"]
[Date "2024.01.02"]
[Round "7"]
[White "Jeet, Jain"]
[Black "Vaibhav Jayant Raut"]
[Result "1-0"]
[Board "50"]
[TimeControl "180+1"]
[WhiteFideId "5073022"]
[BlackFideId "5089034"]
[WhiteElo "2561"]
[BlackElo "2745"]
[WhiteTeam "IND"]
[BlackTeam "IND"]
[WhiteClock "0:00:09"]
[BlackClock "0:00:00"]

1. Nf3 Nf6 2. Ng1 d5 3. Nf3 c5 4. d3 Nc6 5. g3 e5 6. Bg2 Be7 7. O-O O-O 8. Nbd2 e4 9. Ne1 Bf5 10. c4 exd3 11. exd3 Nd4 12. Nb3 dxc4 13. dxc4 Bg4 14. Nf3 Nxf3+ 15. Bxf3 Qxd1 16. Bxd1 Be6 17. Be2 b6 18. a4 a5 19. Bf4 Rfd8 20. Bc7 Rdc8 21. Bf4 Rd8 22. Rfd1 Rac8 23. Rxd8+ Bxd8 24. Nc1 Bc7 25. Bxc7 Rxc7 26. Ra3 Bf5 27. Rb3 Rc6 28. Re3 Kf8 29. Na2 Rd6 30. Kf1 Rd2 31. Rb3 Bg4 32. f3 Bd7 33. Rxb6 Bxa4 34. Nc3 Bd7 35. Ke1 Rd4 36. Ra6 Be6 37. b3 h5 38. Rxa5 h4 39. Rxc5 hxg3 40. hxg3 Rd8 41. Ne4 Nd7 42. Rb5 Ra8 43. Nc5 Nf6 44. Nxe6+ fxe6 45. f4 Ne4 46. Rb7 Ra1+ 47. Bd1 Nc3 48. Rd7 Ke8 49. Rd3 Ne4 50. Ke2 Ra2+ 51. Kf3 Nc5 52. Re3 Rd2 53. Be2 Kf7 54. b4 Na6 55. b5 Nc5 56. Re5 Nb3 57. Ke3 Rb2 58. c5 Nc1 59. Bf1 Rb3+ 60. Kd2 Na2 61. c6 Rxg3 62. Rc5 Nb4 63. c7 1-0

[Event "January 2 Early 2024"]
[Site "https://www.chess.com"]
[Date "2024.01.02"]
[Round "7"]
[White "Coca Cubillos, Jesus Alberto"]
[Black "Lewtak, Damian"]
[Result "1/2-1/2"]
[Board "51"]
[TimeControl "180+1"]
[WhiteFideId "4462912"]
[BlackFideId "1141724"]
[WhiteElo "2551"]
[BlackElo "2738"]
[WhiteTeam "COL"]
[BlackTeam "POL"]
[WhiteClock "0:00:59"]
[BlackClock "0:00:08"]

1. f4 Nh6 2. Nf3 d5 3. e3 c5 4. d4 Nc6 5. c3 e6 6. Bd3 Nf5 7. O-O h5 8. Qe2 Be7 9. Nbd2 h4 10. Ne5 cxd4 11. exd4 Qb6 12. Rf2 h3 13. g3 Nxe5 14. fxe5 Bd7 15. Nf3 O-O-O 16. Bg5 f6 17. Bf4 Rde8 18. Re1 Bd8 19. g4 Nh6 20. g5 Ng4 21. gxf6 Nxf2 22. Qxf2 gxf6 23. exf6 Bxf6 24. Ne5 Reg8+ 25. Kh1 Rg2 26. Qe3 Qxb2 27. Bf1 Rhg8 28. Nxd7 Rg1+ 29. Qxg1 Rxg1+ 30. Kxg1 Bxd4+ 31. cxd4 Qxd4+ 32. Be3 Qg4+ 33. Kf2 Kxd7 34. Bxa7 e5 35. Bb8 Qf4+ 36. Kg1 Qd4+ 37. Kh1 e4 38. Bxh3+ Ke7 39. Bg3 Qc3 40. Bg2 b5 41. Kg1 b4 42. Rb1 Qc2 43. Rf1 Qxa2 44. Bh4+ Kd6 45. Bg3+ Kc5 46. Rc1+ Kb5 47. Bf1+ Ka4 48. Be5 Qd2 49. Ra1+ Kb3 50. Rb1+ Ka3 51. Ra1+ Kb3 52. Rb1+ Ka4 53. Ra1+ Kb3 1/2-1/2

[Event "January 2 Early 2024"]
[Site "https://www.chess.com"]
[Date "2024.01.02"]
[Round "7"]
[White "Pinero Rodriguez, Carlos Jose"]
[Black "Arabidze, Meri"]
[Result "0-1"]
[Board "52"]
[TimeControl "180+1"]
[WhiteFideId "3901726"]
[BlackFideId "13604040"]
[WhiteElo "2531"]
[BlackElo "2735"]
[WhiteTeam "VEN"]
[BlackTeam "GEO"]
[WhiteClock "0:00:03"]
[BlackClock "0:00:05"]

1. e4 c5 2. Nf3 e6 3. b3 a6 4. Bb2 Nc6 5. g3 Nf6 6. e5 Ng4 7. Qe2 Qc7 8. h3 Nh6 9. Bg2 b5 10. a4 b4 11. g4 Bb7 12. d3 Nd4 13. Bxd4 cxd4 14. O-O Rc8 15. Ra2 Bc5 16. Nbd2 Ng8 17. Nc4 Ne7 18. Re1 Nd5 19. Qd2 h6 20. Nh4 g5 21. Bxd5 Bxd5 22. Ng2 Ba8 23. f4 h5 24. fxg5 hxg4 25. h4 Bf3 26. Qf4 Qc6 27. Qg3 Bxg2 28. Qxg2 Qxg2+ 29. Kxg2 Rxh4 30. Rh1 Rxh1 31. Kxh1 Ke7 32. Ra1 Rg8 33. Kg2 Rxg5 34. Rh1 d6 35. Rh8 dxe5 36. Ra8 f5 37. Rc8 Bd6 38. Rc6 Bb8 39. Rc8 Bd6 40. Rc6 Bb8 41. Rb6 Bc7 42. Rxa6 f4 43. Rc6 f3+ 44. Kf1 Kd7 45. Ra6 g3 46. Ra7 g2+ 0-1

[Event "January 2 Early 2024"]
[Site "https://www.chess.com"]
[Date "2024.01.02"]
[Round "7"]
[White "Garcia Almaguer, Juan Manuel"]
[Black "Han, Yichen"]
[Result "0-1"]
[Board "53"]
[TimeControl "180+1"]
[WhiteFideId "5110491"]
[BlackFideId "1054430"]
[WhiteElo "2514"]
[BlackElo "2691"]
[WhiteTeam "MEX"]
[BlackTeam "NED"]
[WhiteClock "0:00:16"]
[BlackClock "0:00:06"]

1. e4 c6 2. d3 d5 3. Nd2 e5 4. Ngf3 Nd7 5. g3 Ngf6 6. Bg2 Bd6 7. O-O O-O 8. Re1 Re8 9. c4 d4 10. a3 a5 11. h3 a4 12. g4 Nc5 13. Nf1 b5 14. cxb5 cxb5 15. Ng3 Bf8 16. Bg5 Ne6 17. Bd2 Nc5 18. Bb4 Nb3 19. Bxf8 Rxf8 20. Nxe5 Nxa1 21. Qxa1 Nd7 22. Nc6 Qb6 23. Nf5 Nc5 24. b4 Nxd3 25. Rd1 Nf4 26. Ncxd4 Bxf5 27. Nxf5 f6 28. e5 Nxg2 29. Kxg2 Rae8 30. f4 fxe5 31. fxe5 Qc6+ 32. Kg3 Qe4 33. Re1 Qd3+ 34. Re3 Qd8 35. e6 Qc7+ 36. Kh4 Rf6 37. e7 Qf4 38. Qa2+ Kh8 39. Qe2 Rxf5 40. Re4 Qg5+ 41. Kg3 Rf7 42. Re5 Qf6 43. Re4 Rfxe7 44. g5 Qxg5+ 45. Qg4 Qxg4+ 46. Rxg4 Re3+ 47. Kh4 Rxa3 48. Rg5 Re4+ 49. Rg4 Rxg4+ 50. hxg4 Rb3 51. Kg5 a3 52. Kh5 a2 53. g5 a1=Q 54. g6 Qh1+ 55. Kg4 Qg2+ 56. Kf5 Rf3+ 57. Ke5 Qe2+ 58. Kd5 Qc4+ 59. Kd6 Rf6+ 60. Ke7 Qe6+ 61. Kd8 Rf8+ 62. Kc7 Rc8+ 63. Kb7 Qc6+ 64. Ka7 Rd8 65. gxh7 Ra8# 0-1

[Event "January 2 Early 2024"]
[Site "https://www.chess.com"]
[Date "2024.01.02"]
[Round "7"]
[White "Agibileg, Uurtsaikh"]
[Black "Srdanovic, Jovana"]
[Result "1-0"]
[Board "54"]
[TimeControl "180+1"]
[WhiteFideId "4901606"]
[BlackFideId "954810"]
[WhiteElo "2689"]
[BlackElo "2514"]
[WhiteTeam "MGL"]
[BlackTeam "SRB"]
[WhiteClock "0:00:31"]
[BlackClock "0:00:43"]

1. d4 d5 2. c4 c6 3. Nf3 Nf6 4. Nc3 dxc4 5. a4 Bf5 6. Ne5 e6 7. g3 Bb4 8. Bg2 O-O 9. O-O Bxc3 10. bxc3 Nbd7 11. Nxc4 Nb6 12. Ne5 Be4 13. f3 Bg6 14. Ba3 Re8 15. a5 Nbd5 16. Qd2 Qxa5 17. e4 Qxc3 18. Qf2 Ne3 19. Bb2 Qc2 20. Rfc1 Qxf2+ 21. Kxf2 Nxg2 22. Kxg2 a5 23. Bc3 a4 24. Rcb1 Ra7 25. Bb4 Rea8 26. Bc5 Ra6 27. Rxb7 a3 28. Rxa3 Rxa3 29. Bxa3 h5 30. Be7 Ra2+ 31. Kh3 Nxe4 32. fxe4 Bxe4 33. Rb8+ Kh7 34. Nxf7 Kg6 35. Ne5+ Kh7 36. g4 hxg4+ 37. Kg3 Rg2+ 38. Kf4 Bd5 39. Kg5 g3 40. h4 Rh2 41. Ng6 g2 42. Rh8# 1-0

[Event "January 2 Early 2024"]
[Site "https://www.chess.com"]
[Date "2024.01.02"]
[Round "7"]
[White "Ovezdurdyyeva, Jemal"]
[Black "Arslanov, Shamil"]
[Result "1-0"]
[Board "55"]
[TimeControl "180+1"]
[WhiteFideId "14001888"]
[BlackFideId "4192826"]
[WhiteElo "2434"]
[BlackElo "2689"]
[WhiteTeam "TKM"]
[BlackTeam "RUS"]
[WhiteClock "0:00:17"]
[BlackClock "0:00:00"]

1. e4 d6 2. d4 e5 3. Nf3 Bg4 4. dxe5 Nc6 5. exd6 Bxd6 6. Be2 Qe7 7. h3 Bh5 8. Nfd2 Bg6 9. O-O O-O-O 10. c3 Nf6 11. Qa4 Nxe4 12. Nxe4 Bxe4 13. Nd2 f5 14. Nxe4 fxe4 15. Be3 Qe5 16. g3 Bc5 17. Bxc5 Qxc5 18. Qxe4 Rhe8 19. Bg4+ Kb8 20. Qxh7 Ne5 21. Rad1 a6 22. Rxd8+ Rxd8 23. Qxg7 Rd2 24. Qf6 Rxb2 25. Re1 Nd3 26. Re2 Rb1+ 27. Kg2 Ne1+ 28. Rxe1 Rxe1 29. Qh8+ Ka7 30. Qd4 Qxd4 31. cxd4 Re4 32. Bf5 Rxd4 33. h4 c5 34. h5 c4 35. h6 c3 36. h7 Rd8 37. g4 b5 38. g5 a5 39. g6 Rf8 40. Bc2 Rd8 41. g7 1-0

[Event "January 2 Early 2024"]
[Site "https://www.chess.com"]
[Date "2024.01.02"]
[Round "7"]
[White "Tiarks, Jann-Christian"]
[Black "Weetik, Vjacheslav"]
[Result "1-0"]
[Board "56"]
[TimeControl "180+1"]
[WhiteFideId "12951595"]
[BlackFideId "4153472"]
[WhiteElo "2452"]
[BlackElo "2683"]
[WhiteTeam "GER"]
[BlackTeam "RUS"]
[WhiteClock "0:00:35"]
[BlackClock "0:00:07"]

1. e4 c6 2. d4 d5 3. e5 Bf5 4. Nf3 e6 5. Be2 Nd7 6. O-O Bg6 7. c4 Nh6 8. Bxh6 gxh6 9. Nc3 Bg7 10. Qb3 Rb8 11. cxd5 exd5 12. Qa3 a6 13. Rfe1 Nf8 14. Na4 Ne6 15. Nc5 Bf8 16. Qc3 Bxc5 17. dxc5 d4 18. Qc1 Qd5 19. b4 d3 20. Bf1 Rg8 21. Nd2 Nf4 22. g3 Bf5 23. Ne4 Ne2+ 24. Rxe2 Bxe4 25. Re3 Rd8 26. Qd2 h5 27. Rae1 Bf5 28. Bg2 Qd4 29. Be4 Bxe4 30. Rxe4 Qd5 31. e6 fxe6 32. Rxe6+ Kd7 33. Rd6+ Qxd6 34. cxd6 Rg6 35. Qxd3 Rxd6 36. Qxh7+ 1-0

[Event "January 2 Early 2024"]
[Site "https://www.chess.com"]
[Date "2024.01.02"]
[Round "7"]
[White "Csonka, Balazs"]
[Black "Gajwa Ankit"]
[Result "1/2-1/2"]
[Board "57"]
[TimeControl "180+1"]
[WhiteFideId "742910"]
[BlackFideId "5077834"]
[WhiteElo "2679"]
[BlackElo "2372"]
[WhiteTeam "HUN"]
[BlackTeam "IND"]
[WhiteClock "0:00:33"]
[BlackClock "0:01:31"]

1. e4 c5 2. Nf3 Nc6 3. d4 cxd4 4. Nxd4 Nf6 5. Nc3 d6 6. f3 g6 7. Be3 Bg7 8. Qd2 O-O 9. O-O-O d5 10. Qe1 e5 11. Nxc6 bxc6 12. exd5 Nxd5 13. Bc4 Be6 14. Ne4 Rb8 15. Bb3 a5 16. Bc5 f5 17. Kb1 fxe4 18. fxe4 Rf4 19. g3 Rf3 20. exd5 cxd5 21. Rf1 Rxf1 22. Qxf1 a4 23. Bxa4 Qa5 24. Bd6 Rxb2+ 25. Kxb2 e4+ 26. Ka3 Qc3+ 27. Bb3 Qa5+ 28. Ba4 Qc3+ 29. Bb3 Qa5+ 30. Ba4 1/2-1/2

[Event "January 2 Early 2024"]
[Site "https://www.chess.com"]
[Date "2024.01.02"]
[Round "7"]
[White "Ghosh, Chanchal Kumer"]
[Black "NevorLegov"]
[Result "0-1"]
[Board "58"]
[TimeControl "180+1"]
[WhiteFideId "10201858"]
[WhiteElo "2082"]
[BlackElo "2924"]
[WhiteTeam "BAN"]
[WhiteClock "0:00:03"]
[BlackClock "0:00:26"]

1. e4 c5 2. Nf3 d6 3. d4 cxd4 4. Nxd4 Nf6 5. Nc3 a6 6. Be2 e6 7. Be3 Be7 8. O-O Qc7 9. f4 b5 10. Bf3 Bb7 11. a3 Nbd7 12. Qe1 O-O 13. g4 d5 14. e5 Ne4 15. Nxe4 dxe4 16. Bg2 Nb6 17. Kh1 Nc4 18. Bc1 Rad8 19. c3 e3 20. b3 Na5 21. Bxe3 Bc5 22. b4 Bxd4 23. Bxd4 Bxg2+ 24. Kxg2 Qc6+ 25. Kg1 Nc4 26. Rd1 f5 27. g5 Rd7 28. Qe2 Nxa3 29. h4 Nc4 30. h5 a5 31. Bc5 Rfd8 32. Rxd7 Rxd7 33. h6 g6 34. Rd1 a4 35. Rd3 Kf7 36. Qd1 Rxd3 37. Qxd3 Ke8 38. Qd4 a3 39. Bd6 Qb7 40. Qd1 a2 41. Qa1 Qa7+ 42. Bc5 Qa3 43. Bb6 Qb2 44. Qd1 a1=Q 45. Qxa1 Qxa1+ 0-1

[Event "January 2 Early 2024"]
[Site "https://www.chess.com"]
[Date "2024.01.02"]
[Round "7"]
[White "Assylov, Miras"]
[Black "Tari, Aryan"]
[Result "0-1"]
[Board "59"]
[TimeControl "180+1"]
[WhiteFideId "13728873"]
[BlackFideId "1510045"]
[WhiteElo "2605"]
[BlackElo "2915"]
[WhiteTeam "KAZ"]
[BlackTeam "NOR"]
[WhiteClock "0:00:00"]
[BlackClock "0:01:10"]

1. b3 a5 2. a3 d5 3. Bb2 Bf5 4. d3 e6 5. Nd2 Nf6 6. g3 h6 7. Bg2 Bh7 8. e4 c6 9. Nh3 Be7 10. Nf4 O-O 11. O-O Nbd7 12. e5 Ne8 13. h4 a4 14. b4 c5 15. bxc5 Nxc5 16. Nf3 Nc7 17. Re1 Nd7 18. Nd4 Nb8 19. Qg4 Kh8 20. Nh5 Rg8 21. Qf3 Qe8 22. Nf4 Nc6 23. Reb1 Nxd4 24. Bxd4 Nb5 25. Bb2 Rc8 26. Rc1 Nc3 27. Ne2 Nxe2+ 28. Qxe2 b5 29. Qe1 Qd7 30. Bc3 Rc7 31. Ba5 Rc6 32. Bf1 Rgc8 33. c3 d4 34. c4 bxc4 35. dxc4 d3 36. Bb4 Rxc4 37. Rxc4 Rxc4 38. Bxe7 Qxe7 39. Qa5 Bf5 40. Qa8+ Kh7 41. Qf3 Qd7 42. Rd1 Rd4 43. Qe3 d2 44. Be2 Bc2 45. Ra1 d1=Q+ 46. Bxd1 Rxd1+ 47. Rxd1 Qxd1+ 48. Kh2 Qd3 49. Qc5 Qe2 50. Kg1 Be4 51. Qc1 Qf3 0-1

[Event "January 2 Early 2024"]
[Site "https://www.chess.com"]
[Date "2024.01.02"]
[Round "7"]
[White "Yeletsky, Ivan"]
[Black "Ambartsumova, Karina"]
[Result "1-0"]
[Board "60"]
[TimeControl "180+1"]
[WhiteFideId "24180327"]
[BlackFideId "4166299"]
[WhiteElo "2846"]
[BlackElo "2595"]
[WhiteTeam "RUS"]
[BlackTeam "RUS"]
[WhiteClock "0:00:08"]
[BlackClock "0:00:05"]

1. e4 e5 2. Nf3 Nc6 3. Bb5 Nf6 4. Qe2 d6 5. d4 Bd7 6. Bxc6 Bxc6 7. Nc3 exd4 8. Nxd4 Be7 9. e5 dxe5 10. Nxc6 bxc6 11. O-O Bd6 12. Bg5 h6 13. Bh4 O-O 14. Rad1 g5 15. Bg3 Qe7 16. Rfe1 Rfe8 17. Qc4 c5 18. b3 Rad8 19. f3 Qe6 20. Qxe6 Rxe6 21. Rxe5 Rde8 22. Rf5 Bxg3 23. hxg3 Nh5 24. Kf2 c4 25. Rd7 R8e7 26. Rxe7 Rxe7 27. Nd5 Re6 28. g4 Ng7 29. Rf6 cxb3 30. axb3 c6 31. Rxe6 Nxe6 32. Ne7+ Kg7 33. Nxc6 a6 34. Ke3 Kf6 35. c3 Nf4 36. g3 Nd5+ 37. Kd4 Nc7 38. c4 Ke6 39. Nd8+ Ke7 40. Nb7 Ne6+ 41. Ke3 Ng7 42. Nc5 a5 43. Nb7 f5 44. Nxa5 fxg4 45. fxg4 h5 46. gxh5 Nxh5 47. Kf3 Nf6 48. b4 Kd6 49. Nb3 Ke5 50. b5 g4+ 51. Ke3 Nh5 52. Kf2 Nf6 53. c5 Kd5 54. c6 Kd6 55. Nd4 Ne4+ 56. Kg2 Nc3 57. b6 Nd5 58. b7 Kc7 59. Ne6+ Kb8 60. Nc5 Nb4 61. Nd7+ Ka7 62. b8=Q+ Ka6 63. Qb6# 1-0

[Event "January 2 Early 2024"]
[Site "https://www.chess.com"]
[Date "2024.01.02"]
[Round "7"]
[White "Shubenkova, Veronika"]
[Black "Mekhitarian, Krikor Sevag"]
[Result "1/2-1/2"]
[Board "61"]
[TimeControl "180+1"]
[WhiteFideId "44124040"]
[BlackFideId "2107660"]
[WhiteElo "2597"]
[BlackElo "2840"]
[WhiteTeam "RUS"]
[BlackTeam "BRA"]
[WhiteClock "0:00:21"]
[BlackClock "0:00:02"]

1. e4 e6 2. d4 d5 3. exd5 exd5 4. Nf3 Nc6 5. c3 Bd6 6. Bd3 Nge7 7. O-O Bg4 8. Nbd2 Qd7 9. Qc2 Bf5 10. Re1 O-O 11. Nf1 f6 12. Ng3 Bxd3 13. Qxd3 Rfe8 14. Bd2 Nd8 15. Re2 Nf7 16. Rae1 Bxg3 17. hxg3 Nd6 18. Bf4 Ne4 19. Nd2 Nxd2 20. Qxd2 c6 21. Re6 Ng6 22. Rxe8+ Rxe8 23. Rxe8+ Qxe8 24. Qe3 Qd7 25. Qd3 Kf7 26. Be3 Nf8 27. a3 b5 28. f3 h5 29. Kf2 Ng6 30. b3 Ne7 31. c4 a6 32. c5 Qe6 33. a4 Nf5 34. axb5 cxb5 35. b4 Ne7 36. Bf4 Nc6 37. Bd2 g6 38. Bc3 Kg7 39. Qb1 Kf7 40. Qd3 Qd7 41. Qe3 Kg7 42. Qe1 Qe7 43. Qxe7+ Nxe7 44. Ke2 Kf7 45. Ke3 Ke6 46. Ke2 Nc6 47. Kf2 Kf5 48. Ke2 g5 49. Kf2 g4 50. Ke2 Ke6 51. Ke3 Kf5 52. Ke2 Kg5 53. Bd2+ Kg6 54. Bc3 Kf5 55. Ke3 Nd8 56. Bd2 Nc6 57. Be1 Kg5 58. Bd2 f5 59. Kd3+ Kf6 60. Ke3 Kg6 61. Kd3 Kf7 62. Ke3 Ke6 63. Bc3 Kf7 64. Kf4 Kf6 65. Ke3 Nd8 66. Bd2 Kf7 67. Kd3 Ke6 68. Bg5 Nc6 69. Bd2 Kf6 70. Ke3 Kg6 71. Bc3 Kg5 72. Bd2 Kf6 73. Kd3 Kg6 74. Bc3 Kg5 75. Bd2+ Kf6 1/2-1/2

[Event "January 2 Early 2024"]
[Site "https://www.chess.com"]
[Date "2024.01.02"]
[Round "7"]
[White "AmanteDeMoi"]
[Black "Vakhlamov, Igor L."]
[Result "0-1"]
[Board "62"]
[TimeControl "180+1"]
[BlackFideId "24126748"]
[WhiteElo "2574"]
[BlackElo "2795"]
[BlackTeam "RUS"]
[WhiteClock "0:00:00"]
[BlackClock "0:01:11"]

1. Nf3 d5 2. e3 Nf6 3. b3 c5 4. Bb2 e6 5. Be2 Bd6 6. O-O O-O 7. c4 Nc6 8. cxd5 exd5 9. d4 Ne4 10. dxc5 Bxc5 11. Nc3 Be6 12. Rc1 Bb6 13. Nxe4 dxe4 14. Nd2 Nb4 15. Nxe4 Nxa2 16. Bd3 Nxc1 17. Nf6+ gxf6 18. Bxh7+ Kxh7 19. Qh5+ Kg8 20. Rd1 Nd3 21. Qh6 Nxb2 22. Rxd8 Rfxd8 23. h4 Rd1+ 24. Kh2 Bc7+ 25. g3 Bd5 26. Kh3 Bf3 0-1

[Event "January 2 Early 2024"]
[Site "https://www.chess.com"]
[Date "2024.01.02"]
[Round "7"]
[White "Ginzburg, Yakov"]
[Black "Novozhilov, Semen"]
[Result "0-1"]
[Board "63"]
[TimeControl "180+1"]
[WhiteFideId "4157176"]
[BlackFideId "24289167"]
[WhiteElo "2565"]
[BlackElo "2757"]
[WhiteTeam "RUS"]
[BlackTeam "RUS"]
[WhiteClock "0:00:00"]
[BlackClock "0:00:38"]

1. e4 c5 2. Nf3 Nc6 3. Bb5 g6 4. O-O Bg7 5. c3 Nf6 6. e5 Nd5 7. d4 cxd4 8. cxd4 O-O 9. h3 d6 10. Re1 dxe5 11. dxe5 Ndb4 12. Qxd8 Rxd8 13. Na3 Bf5 14. Bg5 h6 15. Bh4 a6 16. Bc4 b5 17. Bb3 Nd3 18. Re2 Rac8 19. g4 Nf4 20. gxf5 Nxe2+ 21. Kf1 Ned4 22. Nxd4 Rxd4 23. Bxe7 Bxe5 24. Bc5 Rf4 25. fxg6 Na5 26. gxf7+ Kg7 27. f8=Q+ Rfxf8 28. Bxf8+ Rxf8 29. Rd1 Bxb2 30. Rd7+ Kg6 31. Nc2 Be5 32. Bd5 Nc4 33. Bxc4 bxc4 34. Ra7 Rf6 35. Ke2 c3 36. Re7 Bf4 37. Re4 Bd2 38. Rc4 Re6+ 39. Kd3 h5 40. Nd4 Rd6 41. a4 Kg5 42. Ke4 Rd7 43. Rc6 Kh4 44. Rc5 Kxh3 45. Rxh5+ Kg2 46. Rc5 Kxf2 47. Kd3 Rxd4+ 48. Kxd4 Be3+ 49. Kxc3 Bxc5 50. a5 Bd6 0-1

[Event "January 2 Early 2024"]
[Site "https://www.chess.com"]
[Date "2024.01.02"]
[Round "7"]
[White "Kosteniuk, Alexandra"]
[Black "Kilpatrick, Callum"]
[Result "1-0"]
[Board "64"]
[TimeControl "180+1"]
[WhiteFideId "4128125"]
[BlackFideId "414425"]
[WhiteElo "2756"]
[BlackElo "2551"]
[WhiteTeam "SUI"]
[BlackTeam "ENG"]
[WhiteClock "0:00:19"]
[BlackClock "0:00:04"]

1. e4 e5 2. Nf3 Nc6 3. Bb5 a6 4. Ba4 Nf6 5. d4 exd4 6. O-O Be7 7. e5 Ne4 8. Nxd4 Nxd4 9. Qxd4 Nc5 10. Bb3 Nxb3 11. cxb3 O-O 12. Bf4 d5 13. exd6 cxd6 14. Nc3 Be6 15. Rfd1 Bf6 16. Qxd6 Qxd6 17. Rxd6 Rfd8 18. Rad1 Rxd6 19. Rxd6 Rd8 20. Rxd8+ Bxd8 21. Kf1 g5 22. Be5 f6 23. Bd4 Kf7 24. Ne4 Bc7 25. Nxf6 Bxh2 26. Nxh7 Bf4 27. Nf6 Bf5 28. Nd5 Bc1 29. Nb6 Ke6 30. f3 g4 31. Kf2 gxf3 32. Kxf3 Bb1 33. a3 Bc2 34. b4 Bd1+ 35. Kf2 Kf5 36. Nd7 Ke4 37. Bb6 Bxb2 38. a4 Bd4+ 39. Bxd4 Kxd4 40. Nc5 a5 41. Ke1 Bc2 42. Kd2 Bxa4 43. Nxa4 axb4 44. Nb2 Ke4 45. Ke2 Kf4 46. Kf2 Kg4 47. g3 Kf5 48. Kf3 Ke5 49. g4 Kf6 50. Kf4 Kg6 51. g5 Kg7 52. Kf5 b3 53. g6 Kg8 54. Kf6 Kf8 55. g7+ Kg8 56. Nd3 b5 57. Nb2 b4 58. Nd3 b2 59. Nxb2 b3 60. Nd3 b2 61. Nxb2 Kh7 62. Kf7 1-0

[Event "January 2 Early 2024"]
[Site "https://www.chess.com"]
[Date "2024.01.02"]
[Round "7"]
[White "Garcia Ramos, Daniel"]
[Black "Parfenov, Viktor N."]
[Result "1-0"]
[Board "65"]
[TimeControl "180+1"]
[WhiteFideId "32010311"]
[BlackFideId "4165969"]
[WhiteElo "2754"]
[BlackElo "2544"]
[WhiteTeam "ESP"]
[BlackTeam "RUS"]
[WhiteClock "0:02:32"]
[BlackClock "0:01:27"]

1. e4 e5 2. Nc3 Nf6 3. g3 Bc5 4. Bg2 O-O 5. h3 Re8 6. Nge2 Nc6 7. O-O Nd4 8. d3 c6 9. Kh2 d5 10. f4 dxe4 11. dxe4 exf4 12. gxf4 Ng4+ 13. hxg4 Qh4+ 14. Bh3 Bxg4 15. Qd3 Nxe2 16. Nxe2 Rad8 17. Qg3 Qxg3+ 18. Nxg3 Bxh3 19. Kxh3 1-0

[Event "January 2 Early 2024"]
[Site "https://www.chess.com"]
[Date "2024.01.02"]
[Round "7"]
[White "Rangel, Daniel"]
[Black "Syaputra, Arifa Rizki"]
[Result "0-1"]
[Board "66"]
[TimeControl "180+1"]
[WhiteFideId "2124475"]
[BlackFideId "7105100"]
[WhiteElo "2541"]
[BlackElo "2724"]
[WhiteTeam "BRA"]
[BlackTeam "INA"]
[WhiteClock "0:00:01"]
[BlackClock "0:00:06"]

1. c4 Nf6 2. g3 g6 3. Bg2 Bg7 4. Nc3 O-O 5. e3 d6 6. Nge2 Nc6 7. O-O e5 8. Rb1 Be6 9. Nd5 Bxd5 10. cxd5 Ne7 11. Qb3 Qd7 12. d3 c6 13. dxc6 bxc6 14. Bd2 Rfc8 15. Rbc1 h5 16. Rc2 h4 17. Rfc1 h3 18. Bh1 Rab8 19. Qa4 d5 20. Bb4 Nf5 21. Ba3 Rb6 22. Bc5 Rb7 23. Ba3 Rb6 24. Bc5 Rb7 25. Ba3 Rbc7 26. Nc3 d4 27. exd4 Nxd4 28. Rd2 Bh6 29. Rcd1 Bxd2 30. Rxd2 Qf5 31. Qd1 Rd7 32. Bc5 Ne6 33. Be3 Rcd8 34. Ne4 Ng4 35. Bf3 Nf6 36. Nxf6+ Qxf6 37. Bg4 Rd6 38. Bxh3 Nd4 39. Bg2 Kg7 40. h4 Qe6 41. Be4 f5 42. Bg2 c5 43. Bg5 R8d7 44. Qe1 e4 45. dxe4 fxe4 46. Qxe4 Qxe4 47. Bxe4 Nf3+ 48. Bxf3 Rxd2 49. Bxd2 Rxd2 50. b3 Rxa2 51. Bd5 Rd2 52. Bc4 a5 53. Kf1 Rd4 54. Ke2 Kf6 55. Bg8 Rb4 56. Kd2 Ke5 57. f3 Kd4 58. g4 a4 59. bxa4 Rxa4 60. h5 gxh5 61. gxh5 Ra6 62. Bf7 Rf6 63. Bg6 Rxf3 64. h6 Rh3 65. h7 c4 66. Ke1 Ke3 67. Kf1 c3 68. Kg2 Rh6 69. Bc2 Kd2 70. Bf5 c2 71. h8=Q Rxh8 0-1

[Event "January 2 Early 2024"]
[Site "https://www.chess.com"]
[Date "2024.01.02"]
[Round "7"]
[White "Rakitin, Daniil"]
[Black "Veiga, Jose Francisco R P Neves"]
[Result "1/2-1/2"]
[Board "67"]
[TimeControl "180+1"]
[WhiteFideId "24219762"]
[BlackFideId "1930087"]
[WhiteElo "2715"]
[BlackElo "2539"]
[WhiteTeam "RUS"]
[BlackTeam "POR"]
[WhiteClock "0:00:06"]
[BlackClock "0:00:07"]

1. e4 c5 2. Nf3 a6 3. c3 Nf6 4. e5 Nd5 5. d4 cxd4 6. cxd4 e6 7. Nc3 Nxc3 8. bxc3 d6 9. Bd3 Nc6 10. exd6 Bxd6 11. O-O O-O 12. Qe2 h6 13. Rd1 Bd7 14. Ne5 Qc7 15. f4 Ne7 16. Bd2 b5 17. Qh5 Nd5 18. Nxd7 Qxd7 19. f5 Nf6 20. Qh4 exf5 21. Bxh6 Bxh2+ 22. Kh1 Ng4 23. Bxg7 Kxg7 24. Qg5+ Kh8 25. Bxf5 Qd6 26. Qxg4 Bf4 27. Rf1 Qh6+ 28. Kg1 Be3+ 29. Rf2 Rg8 30. Qf3 Rae8 31. Rd1 Bxf2+ 32. Qxf2 Qe3 33. d5 Qxf2+ 34. Kxf2 Rd8 35. d6 Kg7 36. g4 Kf6 37. Kf3 Ke5 38. d7 Rh8 39. Re1+ Kd6 40. Kf4 Rh3 41. Rd1+ Kc7 42. Rc1 Rh2 43. c4 b4 44. Rb1 a5 45. Ra1 a4 46. Rb1 Rb8 47. Ra1 b3 48. axb3 axb3 49. Rb1 b2 50. Ke5 Rd2 51. Kf6 Rb4 52. c5 Rc4 53. Ke7 Re2+ 54. Kxf7 Rxc5 55. Kf6 Rc1 56. g5 Rxb1 57. Bxb1 Kxd7 58. g6 Rg2 59. g7 Kd6 60. Bh7 Kc5 61. Kf7 Rxg7+ 62. Kxg7 Kd4 63. Bb1 Kc3 64. Ba2 Kd2 65. Kf6 Kc1 66. Ke5 b1=Q 67. Bxb1 1/2-1/2

[Event "January 2 Early 2024"]
[Site "https://www.chess.com"]
[Date "2024.01.02"]
[Round "7"]
[White "Dyachuk, Artem"]
[Black "Manukyan, Artyom"]
[Result "1-0"]
[Board "68"]
[TimeControl "180+1"]
[WhiteFideId "34107924"]
[BlackFideId "13305786"]
[WhiteElo "2714"]
[BlackElo "2538"]
[WhiteTeam "UKR"]
[BlackTeam "ARM"]
[WhiteClock "0:01:51"]
[BlackClock "0:01:53"]

1. e4 e5 2. Nf3 Nc6 3. d4 exd4 4. Nxd4 Nf6 5. Nxc6 bxc6 6. e5 Qe7 7. Qe2 Nd5 8. h4 a5 9. c4 Ba6 10. Rh3 Nb6 11. b3 a4 12. Nd2 Qe6 13. Qe4 Bb4 14. Bd3 d5 15. cxd5 cxd5 16. Qxb4 Bxd3 17. Rxd3 axb3 18. Nxb3 Ra4 19. Qb5+ Kf8 20. Nc5 Qxe5+ 21. Re3 Re4 22. Nxe4 Qxa1 23. Qc5+ Kg8 24. Nf6+ gxf6 25. Rg3# 1-0

[Event "January 2 Early 2024"]
[Site "https://www.chess.com"]
[Date "2024.01.02"]
[Round "7"]
[White "Przybylski, Wojciech"]
[Black "Nazari, Arad"]
[Result "0-1"]
[Board "69"]
[TimeControl "180+1"]
[WhiteFideId "1117599"]
[BlackFideId "12577324"]
[WhiteElo "2535"]
[BlackElo "2707"]
[WhiteTeam "POL"]
[BlackTeam "IRI"]
[WhiteClock "0:00:00"]
[BlackClock "0:00:07"]

1. e4 c5 2. Nf3 d6 3. Bb5+ Bd7 4. Bxd7+ Nxd7 5. c4 g6 6. O-O Bg7 7. Qe2 Ngf6 8. Nc3 O-O 9. Rd1 Ne5 10. b3 Nfg4 11. h3 Nxf3+ 12. Qxf3 Ne5 13. Qe3 Nc6 14. Rb1 a6 15. Ne2 b5 16. Bb2 e5 17. d3 Rb8 18. f4 bxc4 19. dxc4 Nd4 20. Bxd4 exd4 21. Qf3 Qa5 22. Nc1 Rbe8 23. Rb2 f5 24. exf5 Rxf5 25. Re2 Rxe2 26. Qxe2 Bf8 27. Nd3 Qc7 28. Re1 Rf7 29. Qe6 Kg7 30. Qd5 Qa5 31. Re2 Qc3 32. Qf3 a5 33. g3 a4 34. Ne1 axb3 35. axb3 Ra7 36. f5 Qxf3 37. Nxf3 gxf5 38. Rf2 Be7 39. Kg2 Ra3 40. Nd2 Kg6 41. h4 h5 42. Kf3 Bf6 43. Ke2 Be5 44. Rg2 Kf6 45. Kd3 Ra2 46. Rg1 Ke6 47. Nf3 Rb2 48. Nd2 f4 49. gxf4 Bxf4 50. Nf3 Rxb3+ 51. Ke4 Be5 52. Rg6+ Bf6 53. Ng5+ Ke7 54. Rh6 Re3+ 55. Kf4 Bxg5+ 56. hxg5 Rc3 57. Kf5 Rf3+ 58. Ke4 Rg3 59. Kf5 d3 60. Rh7+ Ke8 61. Rh8+ Kd7 62. Rh7+ Kc6 63. Rxh5 d2 64. Rh1 d5 65. cxd5+ Kxd5 66. g6 Kd4 67. Kf6 c4 68. g7 c3 69. Rh4+ Kd3 70. Rh3 Rxh3 71. g8=Q Rf3+ 72. Ke5 d1=Q 73. Qd5+ Ke2 74. Qe4+ Re3 0-1